 Dungeon Crawl Stone Soup version 0.29.1-2-gbd0b4ee654 (webtiles) character file.

Game seed: 5396094340381602399

347 Lutefisk the Covert (level 6, -1/34 HPs)
             Began as a Vine Stalker Brigand on Oct 23, 2022.
             Slain by Pikel
             ... wielding a +2 whip of electrocution
              (4 damage)
             ... on level 4 of the Dungeon.
             The game lasted 00:09:11 (1365 turns).

Lutefisk the Covert (Vine Stalker Brigand)          Turns: 1365, Time: 00:09:12

Health: -1/34      AC:  5    Str: 14    XL:     6   Next: 59%
Magic:  0/7        EV: 12    Int: 11    God:
Gold:   175        SH:  0    Dex: 23    Spells: 5/5 levels left

rFire   . . .      SeeInvis .   a - +2 dagger
rCold   . . .      Faith    .   (no shield)
rNeg    . . .      Spirit   +   n - +2 robe {Will+}
rPois   .          Reflect  .   (no helmet)
rElec   .          Harm     .   c - +0 cloak
rCorr   .          Rampage  .   (no gloves)
Will    +....                   (no boots)
Stlth   ++++......              (no amulet)
HPRegen 0.91/turn               h - +6 ring of dexterity
MPRegen 0.10/turn               (no ring)

@: no status effects
A: fangs 2, regeneration 1, magic shield, antimagic bite, no potion heal 2
a: no special abilities


You were on level 4 of the Dungeon.
You visited 1 branch of the dungeon, and saw 5 of its levels.

You collected 175 gold pieces.

Inventory:

Hand Weapons
 a - a +2 dagger (weapon)
Missiles
 d - 6 poisoned darts
 e - a curare-tipped dart (quivered)
Armour
 c - a +0 cloak (worn)
 n - a +2 robe of willpower (worn)
Jewellery
 h - a +6 ring of dexterity (left hand)
Wands
 b - a wand of charming (5)
Scrolls
 f - 2 scrolls of immolation {unknown}
 g - 4 scrolls of identify {unknown}
Potions
 i - a potion of berserk rage {unknown}
 j - 2 potions of heal wounds {unknown}
 k - 2 potions of flight {unknown}
 l - a potion of haste {unknown}
 m - a potion of curing {unknown}


   Skills:
 * Level 4.3 Fighting
 - Level 1.7 Short Blades
 - Level 1.7 Throwing
 - Level 0.7 Dodging
 - Level 8.0 Stealth


You had 5 spell levels left.
You didn't know any spells.
Your spell library contained the following spells:

 Spells                   Type           Power      Damage    Failure   Level
 Borgnjor's Revivificati  Necr           0%         N/A       100%        8
 Necromutation            Tmut/Necr      0%         N/A       100%        8
 Death's Door             Necr           0%         N/A       100%        9


Dungeon Overview and Level Annotations

Branches:
Dungeon (5/15)
 Temple: D:4-7

Altars:

Annotations:
D:3 2 runed translucent doors
D:4 Menkaure, Natasha, Pikel


Innate Abilities, Weirdness & Mutations

You have extremely sharp teeth.
Your natural rate of healing is unusually fast.
When hurt, damage is shared between your health and your magic reserves.
Your bite disrupts and absorbs the magic of your enemies.
Potions cannot restore your health.


Message History

You drop a +0 robe.
Found 3 gold pieces.
There is a stone staircase leading down here.
You climb downwards.
You hear the sound of rushing water.
There is an entrance to a sewer on this level.
Hurry and find it before the portal rusts away!
Level annotation: Menkaure
Found an encrusted bone wand and a sling.
There is a stone staircase leading up here.
You hear the brisk rusting of a very distant drain.
A lemure comes into view.
Natasha, Pikel and a lemure come into view.
Pikel is wielding a +2 whip of electrocution and carrying a wand of charming (7).
You see here a wand of charming (5).
b - a wand of charming (5) 2 lemures come into view.
The lemure shouts!
Pikel shouts!
You hear an angry hiss.
The lemure shouts! x3
Pikel says, "Hell isn't that bad."
Pikel zaps a wand.
You resist with almost no effort.
Pikel zaps a wand.
You resist with almost no effort.
Natasha hisses angrily.
The lemure enters a dispersal trap!
Natasha blinks!
Pikel blinks!
The lemure blinks! x2; Pikel blinks!
The lemure blinks!
Natasha blinks!
You blink.
The lemure blinks!
The lemure hits you but does no damage.
Pikel hits you with a +2 whip of electrocution.
You are electrocuted!
The lemure hits you. Pikel attacks as you move away!
Pikel hits you with a +2 whip of electrocution!
* * * LOW HITPOINT WARNING * * *
The lemure attacks as you move away! The lemure hits you.
* * * LOW HITPOINT WARNING * * *
Natasha closely misses you.
Pikel says, "You'll feel the lick of my whip!"
The lemure hits you.
* * * LOW HITPOINT WARNING * * *
Natasha barely misses you. The lemure barely misses you.
Pikel attacks as you move away!
Pikel hits you with a +2 whip of electrocution.
You die...

#. #######
###.....##
.........##
..........# #
..........# .#
........<.###.#
.............#
........@5..##
.......5Kh..#
....).......#
............#
.........5..#
........5.^.#
##..........#
............
.............


You could see Pikel, 4 lemures and Natasha.

Vanquished Creatures
  Sigmund (D:3)
  A sky beast (D:5)
  An iguana (D:4)
  An adder (D:4)
  An ufetubus (D:4)
  2 worms
  2 dart slugs
  3 orcs
  4 bats
  5 endoplasms
  3 goblins (D:3)
  4 hobgoblins
  A quokka (D:1)
  6 ball pythons
  2 frilled lizards
  2 kobolds
  4 rats
43 creatures vanquished.

Notes
Turn   | Place    | Note
-------+----------+-------------------------------------------
     0 | D:1      | Lutefisk the Vine Stalker Brigand began the quest for the
                  | Orb.
     0 | D:1      | Reached XP level 1. HP: 11/11 MP: 2/2
    40 | D:1      | Reached skill level 5 in Stealth
   338 | D:1      | Reached XP level 2. HP: 15/15 MP: 3/3
   600 | D:2      | Found a faded altar of an unknown god.
   785 | D:2      | Reached XP level 3. HP: 9/19 MP: 4/4
  1030 | D:3      | Found a large runed translucent door.
  1031 | D:3      | Found a large runed translucent door.
  1037 | D:3      | Noticed Sigmund
  1099 | D:4      | Noticed Menkaure
  1111 | D:5      | Entered Level 5 of the Dungeon
  1111 | D:5      | Noticed a sky beast
  1114 | D:5      | Killed a sky beast
  1115 | D:5      | Reached skill level 6 in Stealth
  1115 | D:5      | Gained mutation: Your natural rate of healing is unusually
                  | fast. [Vine Stalker growth]
  1115 | D:5      | Reached XP level 4. HP: 25/25 MP: 5/5
  1115 | D:5      | Reached XP level 5. HP: 29/29 MP: 6/6
  1203 | D:4      | Noticed an ogre
  1317 | D:3      | Killed Sigmund
  1318 | D:3      | Reached skill level 8 in Stealth
  1318 | D:3      | Reached XP level 6. HP: 30/34 MP: 5/7
  1353 | D:4      | Noticed Natasha
  1353 | D:4      | Noticed Pikel
  1365 | D:4      | Slain by Pikel

Illustrated notes

Levels and vault maps discovered:
D:1:      minmay_arrival_up_and_down, layout_basic
D:2:      layout_rooms, ebering_ecumenical_altar_box,
          nicolae_concentric_dashed_squares_wild
D:3:      layout_rooms, jmf_multi_god_temple2, serial_bayou_lagoon_a,
          chequers_arboretum, uniq_robin, uniq_sigmund
D:4:      cheibrodos_old_hovel, layout_rooms, xom_butterflies,
          trog_butcher_becter, minmay_temple_entry_stoned_glass, serial_shops,
          shop, portal_sewer_entry_e, minivault_11, hangedman_decor_growths,
          minmay_box_of_dots, uniq_natasha, uniq_ijyb, uniq_pikel, uniq_menkaure
D:5:      layout_cave_pods, nicolae_hepliaklqana_monster_ancestors,
          chequers_ossuary_entry_cave, uniq_edmund

Skill      XL: |  1  2  3  4  5 |
---------------+----------------+-----
Stealth        | 5 6 8 |  8.0
Fighting       | 2 4 |  4.3
Short Blades   | |  1.7
Throwing       | |  1.7
Dodging        | |  0.7

Action                   |  1- 3 |  4- 6 || total
-------------------------+-------+-------++-------
Melee: Dagger            |    71 |    39 ||   110
       Bite              |    17 |    13 ||    30
       Punch             |     2 |     1 ||     3
Throw: Dart              |    18 |     3 ||    21
 Stab: Sleeping          |     6 |     4 ||    10
Armor: Robe              |    19 |     8 ||    27
Dodge: Dodged            |    34 |    22 ||    56
